 Dungeon Crawl Stone Soup version 0.22-a0-352-gc608dd7 (webtiles) character file.

21 Amnesiac the Digger (level 2, -2/19 HPs)
             Began as a Mummy Earth Elementalist on Apr 15, 2018.
             Slain by a worker ant (5 damage)
             ... on level 4 of the Dungeon.
             The game lasted 00:02:16 (484 turns).

Amnesiac the Digger (Mummy Earth Elementalist)       Turns: 484, Time: 00:02:16

Health: -2/19      AC:  2    Str: 11    XL:     2   Next: 65%
Magic:  0/6        EV: 12    Int: 14    God:
Gold:   50         SH:  0    Dex: 12    Spells: 4/7 levels left

rFire    x . .     SeeInvis .   (no weapon)
rCold    + . .     Gourm    .   (no shield)
rNeg     + + +     Faith    .   c - +0 robe
rPois    ∞         Spirit   .   (no helmet)
rElec    .         Reflect  .   (no cloak)
rCorr    .         Harm     .   (no gloves)
MR       .....                  (no boots)
Stlth    ++........             (no amulet)
HPRegen  0.06/turn              (no ring)
MPRegen  0.10/turn              (no ring)

@: very slightly contaminated
A: no food or potions, fire vulnerability, cold resistance 1, negative energy
resistance 3, torment resistance, unbreathing
a: no special abilities


You were on level 4 of the Dungeon.
You were not hungry.

You visited 1 branch of the dungeon, and saw 4 of its levels.

You collected 50 gold pieces.

Inventory:

Missiles
 b - 42 stones (quivered)
Armour
 c - a +0 robe (worn)
Scrolls
 a - a scroll of amnesia {!r, unknown}
 d - 2 scrolls of remove curse {!r}
 e - a scroll of identify {!r}


   Skills:
 - Level 1.5 Dodging
 - Level 1.5 Stealth
 + Level 3.0 Spellcasting
 - Level 0.7 Transmutations
 * Level 3.1 Earth Magic


You had 4 spell levels left.
You knew the following spells:

 Your Spells              Type           Power        Failure   Level  Hunger
a - Sandblast             Erth           ##....       6%          1    N/A
b - Passwall              Tmut/Erth      #.........   14%         2    N/A

Dungeon Overview and Level Annotations

Branches:
Dungeon (4/15)
 Temple: D:4-7

Altars:
Fedhas
Nemelex Xobeh


Innate Abilities, Weirdness & Mutations

You do not eat or drink.
Your flesh is vulnerable to fire.
You are immune to poison.
Your flesh is cold resistant. (rC+)
You are immune to negative energy. (rN+++)
You are immune to unholy pain and torment.
You can survive without breathing.


Message History

Casting: Sandblast (safe; 6% risk of failure)
Confirm with . or Enter, or press ? or * to list all spells.
Aiming: Sandblast (safe; 6% risk of failure)
Press: ? - help, Shift-Dir - straight line, f/p - worker ant
Aim: a worker ant (heavily wounded)
The blast of sand hits the worker ant.
The worker ant is severely wounded.
b - 44 stones The worker ant barely misses you.
Casting: Sandblast (safe; 6% risk of failure)
Confirm with . or Enter, or press ? or * to list all spells.
Aiming: Sandblast (safe; 6% risk of failure)
Press: ? - help, Shift-Dir - straight line, f/p - worker ant
Aim: a worker ant (severely wounded)
The blast of sand hits the worker ant.
The worker ant is severely wounded.
b - 43 stones The worker ant completely misses you.
Casting: Sandblast (safe; 6% risk of failure)
Confirm with . or Enter, or press ? or * to list all spells.
Aiming: Sandblast (safe; 6% risk of failure)
Press: ? - help, Shift-Dir - straight line, f/p - worker ant
Aim: a worker ant (severely wounded)
The blast of sand misses the worker ant.
b - 42 stones The worker ant bites you!
Casting: Sandblast (safe; 6% risk of failure)
Confirm with . or Enter, or press ? or * to list all spells.
Aiming: Sandblast (safe; 6% risk of failure)
Press: ? - help, Shift-Dir - straight line, f/p - worker ant
Aim: a worker ant (severely wounded)
You miscast Sandblast.
You are very lightly contaminated with residual magic.
You are showered with tiny particles of grit.
The worker ant bites you.
* * * LOW HITPOINT WARNING * * *
Casting: Sandblast (safe; 6% risk of failure)
Confirm with . or Enter, or press ? or * to list all spells.
You don't have enough magic to cast that spell.
Casting: Sandblast (safe; 6% risk of failure)
Confirm with . or Enter, or press ? or * to list all spells.
You don't have enough magic to cast that spell.
The worker ant bites you.
* * * LOW HITPOINT WARNING * * *
There is a stone staircase leading up here. 2 jackals come into view.
The worker ant barely misses you.
Really read
e - 2 scrolls labeled PEKUSI SILIUNYOTI {!r}?
As you read the scroll labeled PEKUSI SILIUNYOTI {!r}, it crumbles to dust.
It is a scroll of identify.
d - 2 scrolls of remove curse {!r} The worker ant bites you.
* * * LOW HITPOINT WARNING * * *
Really read
e - a scroll of identify {!r}? [Y]es or [N]o only, please.
Really read
e - a scroll of identify {!r}?
Okay, then.
Unknown command.
Really read
f - a scroll labeled NIRYPPE FEBO {!r}?
As you read the scroll labeled NIRYPPE FEBO {!r}, it crumbles to dust.
It is a scroll of enchant weapon.
You aren't carrying any weapons that can be enchanted.
The worker ant bites you.
You die...

#..#
##..#####.####
##............#
#......###.##.#
##.....#
##.#<## ###.#
#a# #@#
hh......#
#########


You could see a worker ant and 2 jackals.

Vanquished Creatures
  A leopard gecko (D:1)
  An orc (D:4)
  2 goblins (D:1)
  4 hobgoblins
  3 kobolds
  A quokka (D:2)
  4 bats
  A frilled lizard (D:2)
17 creatures vanquished.

Notes
Turn   | Place    | Note
-------+----------+-------------------------------------------
     0 | D:1      | Amnesiac the Mummy Earth Elementalist began the quest for the Orb.
     0 | D:1      | Reached XP level 1. HP: 13/13 MP: 4/4
   140 | D:1      | Reached XP level 2. HP: 19/19 MP: 0/5
   144 | D:1      | Learned a level 2 spell: Passwall
   403 | D:2      | Found a blossoming altar of Fedhas.
   468 | D:4      | Found a sparkling altar of Nemelex Xobeh.
   484 | D:4      | Slain by a worker ant

Vault maps used:
D:1:      mushboom_english_gardens
D:2:      fedhas_altar_2, chequers_temple_overflow_statue_of_worship
D:3:      tso_altar, lightli_sewer_entry_pipes, lemuel_statue_altar
D:4:      nemelex_xobeh_ov_fountains_minmay, minmay_temple_entry_fiery,
          kennysheep_generic_room_4, uniq_menkaure, uniq_natasha

Skill      XL: |  1  2 |
---------------+-------+-----
Earth Magic    | 3 |  3.1
Spellcasting   | 3 |  3.0
Dodging        | |  1.5
Stealth        | |  1.5
Transmutations | |  0.7

Action                   || total
-------------------------++-------
 Cast: Sandblast         ||    31
  Use: Scroll            ||     2
Armor: Robe              ||     3
Dodge: Dodged            ||     8

Table legend:
 A = Spawn XP
 B = Non-spawn XP
 C = Spawn XP percentage of total XP
 D = Spawn monster count
 E = Non-spawn monster count
 F = Spawn count percentage of total count
 G = Total turns spent on level
                    A         B        C        D         E        F      G
               +---------+---------+-------+---------+---------+-------+---------
         Total |       0 |      31 |   0.0 |       0 |      17 |   0.0 |   484
               +---------+---------+-------+---------+---------+-------+---------
           D:1 |       0 |      17 |   0.0 |       0 |       9 |   0.0 |   262
           D:2 |       0 |      11 |   0.0 |       0 |       7 |   0.0 |   146
           D:4 |       0 |       3 |   0.0 |       0 |       1 |   0.0 |    21
               +---------+---------+-------+---------+---------+-------+---------
